 Dungeon Crawl Stone Soup version 0.32-a0-306-gfed3edf829 (webtiles) character file.

Game seed: 16570975232402248688

21305 BerryKnight the Fighter (level 12, -1/106 HPs)
             Began as a Mountain Dwarf Reaver on Feb 14, 2024.
             Was an Elder of Cheibriados.
             Slain by a cane toad (11 damage)
             ... on level 2 of the Lair of Beasts on Feb 15, 2024.
             The game lasted 01:11:52 (6233 turns).

BerryKnight the Fighter (Mountain Dwarf Reaver)     Turns: 6233, Time: 01:11:53

Health: -1/106     AC: 15    Str: 27    XL:     12   Next: 53%
Magic:  13/23      EV: 11    Int: 25    God:    Cheibriados [****..]
Gold:   389        SH:  0    Dex: 17    Spells: 13/26 levels left

rFire   + . .        s - +6 hammer of the Shouting Madman {flame, rPois rC+ Str+2 Int-2}
rCold   . . .        o - orb {*channel}
rNeg    + . .        R - +1 scale mail {rN+}
rPois   +            y - +1 helmet
rElec   .            p - +1 cloak
rCorr   .            h - +0 pair of gloves
SInv    .            (no boots)
Will    ++...        e - amulet of the acrobat Stlth
                     u - ring of wizardry
HPRegen 0.37/turn    f - ring of fire
MPRegen 0.18/turn

%: acrobat, wizardry (x1), channel magic (20%)
@: lethally poisoned (-1 -> -2), immotile, very slightly contaminated, very slow
A: runic magic, artefact enchanting, strong-willed 1
a: Renounce Religion, Bend Time, Temporal Distortion, Slouch


You were on level 2 of the Lair of Beasts.
You worshipped Cheibriados.
Cheibriados was greatly pleased with you.
You visited 3 branches of the dungeon, and saw 14 of its levels.
You also visited: Ice Cave.

You collected 536 gold pieces.
You spent 147 gold pieces at shops.

Inventory:

Hand Weapons
 i - a +2 whip of electrocution
 q - a +0 broad axe
 s - the +6 hammer of the Shouting Madman (weapon) {flame, rPois rC+ Str+2 Int-2}
   (You found it on level 4 of the Dungeon)

   Str+2:     It affects your strength (+2).
   Int-2:     It affects your intelligence (-2).
   rC+:       It protects you from cold.
   rPois:     It protects you from poison
 v - a +2 whip of distortion
 H - a +0 battleaxe
 T - a +0 morningstar of protection
Missiles
 d - 4 throwing nets
 r - 6 boomerangs (quivered)
Armour
 h - a +0 pair of gloves (worn)
 l - a +2 robe of willpower
 n - a +2 leather armour of poison resistance
 o - an orb of energy (worn)
 p - a +1 cloak (worn)
 w - a scarf of repulsion
 y - a +1 helmet (worn)
 D - a +0 plate armour
 R - a +1 scale mail of positive energy (worn)
 V - the +2 pair of boots of Responsibility {Rampage rElec}
   (You found it on level 1 of the Lair of Beasts)

   rElec:     It insulates you from electricity.
   Rampage:   It bestows one free step when moving towards enemies.
   Cheibriados disapproves of the use of such an item.
 W - a +1 hat
Magical Staves
 j - a staff of fire
 F - a staff of earth
Jewellery
 b - a ring of wizardry
 e - an amulet of the acrobat (around neck)
 f - a ring of fire (right hand)
 u - a ring of wizardry (left hand)
 K - an amulet of reflection
 N - a ring of willpower
 O - a ring of magical power
Wands
 t - a wand of charming (3)
 x - a wand of flame (28)
Scrolls
 k - 4 scrolls of enchant armour
 m - a scroll of revelation
 A - 2 scrolls of vulnerability
 C - a scroll of teleportation
 G - a scroll of blinking
 I - a scroll of fog
 J - 3 scrolls of amnesia
 L - a scroll of immolation
 Q - a scroll of enchant weapon
 U - a scroll of fear
Potions
 a - a potion of curing
 c - 4 potions of lignification
 z - a potion of cancellation
 B - a potion of attraction
 E - a potion of ambrosia {unknown}
 M - a potion of degeneration {unknown}
 P - a potion of enlightenment {unknown}
 S - a potion of resistance


   Skills:
 - Level 10.0 Fighting
 - Level 8.9(9.7) Axes
 + Level 6.1(8.4) Maces & Flails
 - Level 8.0 Armour
 - Level 1.4 Dodging
 * Level 7.6 Spellcasting
 - Level 3.1 Conjurations
 - Level 4.0 Summonings
 - Level 4.0 Necromancy
 - Level 6.0 Ice Magic
 * Level 5.6 Air Magic
 + Level 7.6 Invocations


You had 13 spell levels left.
You knew the following spells:

 Your Spells              Type           Power      Damage    Failure   Level
a - Kiss of Death         Conj/Necr      100%       2d13      3%          1
b - Momentum Strike       Conj/Tloc      34%        3d8       7%          2
c - Hailstorm             Conj/Ice       32%        3d8       4%          3
d - Ozocubu's Armour      Ice            39%        N/A       3%          3
e - Summon Lightning Spi  Summ/Air       33%        N/A       11%         4

Your spell library contained the following spells:

 Spells                   Type           Power      Damage    Failure   Level
 Static Discharge         Conj/Air       62%        3-6/arc   3%          2
 Swiftness                Air            37%        N/A       3%          3
 Ensorcelled Hibernation  Hex/Ice        48%        N/A       4%          2
 Call Canine Familiar     Summ           29%        N/A       5%          3
 Fugue of the Fallen      Necr           29%        N/A       5%          3
 Airstrike                Air            18%        2d(3-19)  9%          4
 Dispel Undead            Necr           29%        3d13      13%         4
 Confusing Touch          Hex            9%         N/A       19%         3
 Gell's Gravitas          Tloc           9%         N/A       19%         3
 Passwall                 Erth           9%         N/A       19%         3
 Sigil of Binding         Hex            9%         N/A       19%         3
 Teleport Other           Tloc           9%         N/A       19%         3
 Dimensional Bullseye     Hex/Tloc       4%         N/A       45%         4
 Manifold Assault         Tloc           9%         N/A       45%         4
 Dispersal                Tloc           4%         N/A       99%         6


Dungeon Overview and Level Annotations

Branches:
Dungeon (11/15)            Temple (1/1) D:5            Lair (2/5) D:9
  IceCv (visited)
  Swamp: Lair:2-3    Shoals: Lair:2-3     Snake: Lair:2-3    Spider: Lair:2-3
    Orc: D:9-12

Altars:
Ashenzari
Cheibriados
Dithmenos
Elyvilon
Fedhas
Gozag
Hepliaklqana
Kikubaaqudgha
Makhleb
Nemelex Xobeh
Okawaru
Qazlal
Ru
Sif Muna
Trog
Uskayaw
Vehumet
Wu Jian
Xom
Yredelemnul
Zin
The Shining One

Shops:
D:6 =(*?   D:7 (   D:11 ?


Innate Abilities, Weirdness & Mutations

Your spellcasting is much less encumbered by armour.
You can use scrolls of enchantment on lesser artefacts.
You are strong-willed. (Will+)


Message History

The cane toad stings you but does no damage.
Your lightning spire shoots out a bolt of lightning at the cane toad!
The bolt of electricity hits the cane toad!
Casting: Momentum Strike (safe; 7% risk of failure)
Confirm with . or Enter, or press ? or * to list all spells.
Aiming: Momentum Strike (safe; 7% risk of failure)
Press: ? - help, Dir - move target, f - meliai, p - cane toad
Aim: a meliai, wielding a +0 hand axe of freezing and wearing a +0 robe (57% to hit)
The concentrated momentum hits the meliai!
The meliai is heavily wounded.
You are unable to move.
You feel sick.
The cane toad stings your lightning spire! x2
Your lightning spire is destroyed!
Your lightning spire disappears in a puff of smoke!
Casting: Momentum Strike (safe; 7% risk of failure)
Confirm with . or Enter, or press ? or * to list all spells.
Casting: Hailstorm (mildly dangerous; 4% risk of failure)
Press: ? - help, Dir - look around, f - activate A cannonade of hail descends around you!
The hail pelts the meliai!
You kill the meliai!
Cheibriados thoroughly appreciates the change of pace.
You can now inflict damage on those overly hasty.
Cheibriados raises the support of your attributes as your movement slows.
The cane toad croaks.
The cane toad stings you!
* * * LOW HITPOINT WARNING * * *
Unknown command.
Casting: Hailstorm (mildly dangerous; 4% risk of failure)
Confirm with . or Enter, or press ? or * to list all spells.
An electric hum fills the air.
Magical energy flows into your mind!
You feel sick. The cane toad stings you!
* * * LOW HITPOINT WARNING * * *
Unknown command.
Unknown command.
You closely miss the cane toad.
The cane toad is severely wounded.
You feel sick. The cane toad stings you!
You die...
Cheibriados appreciates the motionlessness of death.

..............###
##....°.○°.○.°.P°..#
#......○.°...$°°....
#....°○..°.○...#
#......°...○..##
#...○..°°.°.##
#.......°†°)#
#......I○F##
##...<..#@..##
#.......##○..#
##.....###°.##
#...### #...##
##...# #....# #P..##
#....# #...#
#####.†.#
#...###.......#
##...#......#I#


You could see a cane toad (ally target) and a friendly lightning spire
(summoned).

Vanquished Creatures
  A quicksilver ooze (IceCv)
  Harold (D:11)
  3 fire crabs (Lair:1)
  An elephant (Lair:1)
  A meliai (Lair:2)
  Joseph (D:9)
  A gargoyle (D:10)
  A cane toad (Lair:1)
  A komodo dragon (Lair:2)
  A troll (D:11)
  A hornet (D:7)
  4 blink frogs (Lair:1)
  Sigmund (D:4)
  A slime creature (IceCv)
  3 shadows
  2 wraiths (D:11)
  18 yaks
  5 wyverns (D:9)
  Grum (D:9)
  2 basilisks
  4 fire elementals (Lair:1)
  2 steam dragons (D:9)
  4 vampire mosquitoes
  2 great orb of eyes simulacra (IceCv)
  Edmund (D:4)
  7 water moccasins
  Duvessa (D:4)
  2 sky beasts
  A black bear (D:6)
  3 ice beasts
  2 orc warriors
  2 ogres (D:5)
  2 centaurs
  A wolf (D:9)
  A phantom (D:5)
  2 kobold brigands
  A gnoll sergeant (D:9)
  2 bullfrogs (Lair:1)
  A scorpion (D:5)
  8 wights (D:8)
  Dowan (D:4)
  7 killer bees
  5 howler monkeys
  A bombardier beetle (D:7)
  3 orc priests
  3 hounds
  2 gnoll boudas
  Crazy Yiuf (D:4)
  3 orc wizards
  2 sleepcaps
  Natasha (D:3)
  4 iguanas
  7 adders
  17 gnolls
  4 dart slugs
  21 orcs
  4 ball pythons
  3 bats
  8 endoplasms
  3 giant cockroaches
  8 goblins
  6 hobgoblins
  A quokka (D:4)
  2 frilled lizards
  6 kobolds
  4 rats
226 creatures vanquished.

Vanquished Creatures (collateral kills)
  Josephine (D:11)
  2 elephants (Lair:1)
  5 blink frogs (Lair:1)
  3 wraiths (D:11)
  A wyvern (Lair:1)
  11 yaks
  A bullfrog (Lair:1)
  6 killer bees
  An orc priest (D:11)
  An orc (D:11)
32 creatures vanquished.

Vanquished Creatures (others)
  A wolf (D:9)
  3 killer bees (D:9)
4 creatures vanquished.

Grand Total: 262 creatures vanquished

Notes
Turn   | Place    | Note
-------+----------+-------------------------------------------
     0 | D:1      | BerryKnight the Mountain Dwarf Reaver began the quest for
                  | the Orb.
     0 | D:1      | Reached XP level 1. HP: 17/17 MP: 3/3
    41 | D:1      | Reached XP level 2. HP: 17/25 MP: 4/4
   121 | D:1      | Reached skill level 1 in Armour
   285 | D:2      | Reached XP level 3. HP: 17/30 MP: 6/6
   631 | D:2      | Reached XP level 4. HP: 36/37 MP: 7/7
   802 | D:3      | Reached skill level 3 in Fighting
   874 | D:1      | Reached skill level 1 in Necromancy
   908 | D:1      | You fall into a shaft and drop 1 floor!
   980 | D:4      | Reached XP level 5. HP: 20/45 MP: 8/8
  1021 | D:4      | Noticed a sky beast
  1079 | D:4      | Learned a level 2 spell: Momentum Strike
  1176 | D:4      | Killed a sky beast
  1177 | D:4      | Reached XP level 6. HP: 17/52 MP: 6/10
  1257 | D:4      | Noticed Natasha
  1332 | D:3      | Killed Natasha
  1342 | D:4      | Reached skill level 5 in Axes
  1358 | D:4      | Found a stormy altar of Qazlal.
  1401 | D:4      | Noticed Edmund
  1410 | D:4      | Killed Edmund
  1411 | D:4      | Reached skill level 4 in Fighting
  1424 | D:4      | Noticed Dowan
  1424 | D:4      | Noticed Duvessa
  1432 | D:4      | Killed Dowan
  1434 | D:4      | Killed Duvessa
  1435 | D:4      | Reached XP level 7. HP: 19/59 MP: 11/11
  1499 | D:4      | Noticed Sigmund
  1520 | D:4      | Killed Sigmund
  1563 | D:4      | Found a runed translucent door.
  1564 | D:4      | Noticed Crazy Yiuf
  1568 | D:4      | Gained mutation: You are strong-willed. (Will+) [potion of
                  | mutation]
  1572 | D:4      | Killed Crazy Yiuf
  1581 | D:4      | Identified the +5 hammer of the Shouting Madman {flame,
                  | rPois rC+ Str+2 Int-2}
  1628 | D:5      | Entered Level 5 of the Dungeon
  1664 | D:5      | Found a staircase to the Ecumenical Temple.
  1677 | Temple   | Entered the Ecumenical Temple
  1773 | D:5      | Found an ornate altar of the Wu Jian Council.
  1774 | D:5      | Found a glowing silver altar of Zin.
  1776 | D:5      | Found a snail-covered altar of Cheibriados.
  1787 | D:5      | Reached skill level 5 in Fighting
  1787 | D:5      | Reached XP level 8. HP: 50/65 MP: 10/13
  1789 | D:5      | Found a bloodstained altar of Trog.
  1798 | D:5      | Became a worshipper of Cheibriados the Contemplative
  1803 | D:5      | Learned a level 3 spell: Hailstorm
  1845 | D:5      | Reached skill level 1 in Invocations
  1903 | D:5      | Reached skill level 1 in Ice Magic
  1965 | D:5      | Found a faded altar of an unknown god.
  1965 | D:5      | Found a glowing golden altar of the Shining One.
  1970 | D:5      | Found an iron altar of Okawaru.
  1972 | D:5      | Found a shimmering blue altar of Sif Muna.
  1973 | D:5      | Found a faded altar of an unknown god.
  2015 | D:6      | Found Ruythriunt's Jewellery Shop.
  2023 | D:6      | Found Sirgh's Antique Weapon Boutique.
  2106 | D:6      | Reached skill level 5 in Armour
  2128 | D:6      | Found Hachekirch's Magic Scroll Shop.
  2261 | D:7      | Reached skill level 6 in Fighting
  2328 | D:7      | Reached * piety under Cheibriados
  2335 | D:7      | Found Rot Gydu's Antique Weapon Shoppe.
  2398 | D:7      | Noticed a hornet
  2408 | D:7      | Killed a hornet
  2409 | D:7      | Reached XP level 9. HP: 48/75 MP: 7/15
  2623 | D:6      | Bought a scroll of amnesia for 60 gold pieces
  2623 | D:6      | Bought a scroll of identify for 30 gold pieces
  2661 | D:6      | Found Ullegely's Assorted Antiques.
  2679 | D:6      | Bought a scroll labelled FIVIGA ZAPRUBBI for 19 gold pieces
  2679 | D:6      | Bought a scroll of identify for 38 gold pieces
  2964 | D:8      | Reached skill level 5 in Invocations
  2977 | D:8      | Reached ** piety under Cheibriados
  3033 | D:8      | Reached skill level 7 in Fighting
  3045 | D:8      | Learned a level 3 spell: Ozocubu's Armour
  3414 | D:9      | Reached *** piety under Cheibriados
  3488 | D:9      | Reached XP level 10. HP: 42/86 MP: 16/16
  3708 | D:9      | Reached skill level 1 in Maces & Flails
  3807 | D:9      | Noticed Grum
  3832 | D:9      | Killed Grum
  3833 | D:9      | Reached skill level 1 in Air Magic
  3956 | D:10     | Entered Level 10 of the Dungeon
  3986 | D:10     | Reached **** piety under Cheibriados
  4054 | D:10     | Reached skill level 8 in Fighting
  4065 | D:10     | Noticed a gargoyle
  4213 | D:9      | Noticed Joseph
  4220 | D:9      | Killed Joseph
  4221 | D:9      | Reached skill level 5 in Spellcasting
  4399 | D:9      | Found a staircase to the Lair.
  4406 | D:9      | Reached XP level 11. HP: 62/95 MP: 5/19
  4438 | D:9      | Learned a level 4 spell: Summon Lightning Spire
  4503 | Lair:1   | Entered Level 1 of the Lair of Beasts
  4706 | D:10     | Reached skill level 9 in Fighting
  4842 | D:10     | Reached skill level 1 in Summonings
  4923 | D:11     | Found Fepebb's Magic Scroll Boutique.
  4949 | D:11     | Noticed Harold
  4972 | D:11     | Killed Harold
  5051 | D:11     | Noticed Josephine
  5064 | D:11     | Killed Josephine
  5114 | D:11     | Found a frozen archway.
  5121 | IceCv    | Entered an ice cave
  5129 | IceCv    | Reached skill level 5 in Ice Magic
  5199 | IceCv    | Noticed a quicksilver ooze
  5207 | IceCv    | Killed a quicksilver ooze
  5343 | D:10     | Found a hide-covered altar of Uskayaw.
  5343 | D:10     | Found a blossoming altar of Fedhas.
  5344 | D:10     | Found a radiant altar of Vehumet.
  5726 | Lair:1   | Reached XP level 12. HP: 79/105 MP: 18/22
  5727 | Lair:1   | Reached skill level 5 in Maces & Flails
  5770 | Lair:1   | Found a transporter.
  5823 | Lair:1   | Reached ***** piety under Cheibriados
  5843 | Lair:1   | Reached skill level 5 in Air Magic
  6011 | Lair:1   | Found a transporter.
  6017 | Lair:1   | Reached skill level 10 in Fighting
  6025 | Lair:1   | Identified the +2 pair of boots of Responsibility {Rampage
                  | rElec}
  6233 | Lair:2   | Slain by a cane toad

Illustrated notes

Levels and vault maps discovered:
D:1:      dpeg_arrival_chambers_temple_mockup, layout_basic,
          minmay_indecisive_spiral
D:2:      layout_rooms, serial_co_window_serial, co_window_paths_b,
          co_window_paths_a, co_window_corner_a, co_window_corner_a,
          co_window_paths_b, co_window_of_opportunity_a, co_window_corner_a,
          co_window_paths_a, co_window_paths_b, co_window_paths_c,
          co_window_corner_cb, co_window_unsneaky_path_e, glass_columns_c,
          glass_columns_c, glass_columns_a, glass_columns_c, corner_web_ring,
          minmay_misc_feat_cross, serial_bayou_crossing
D:3:      layout_loops_ring, ebering_ghost_gozag
D:4:      layout_gridville, mainiacjoe_overflow_catwalk,
          nicolae_twisty_statue_hallways, uniq_duvessa, uniq_edmund,
          uniq_natasha, uniq_crazy_yiuf_cottage, uniq_sigmund
D:5:      layout_rooms, chequers_temple_overflow_minitemple,
          grunt_temple_overflow_open, minmay_temple_entry_ruins
D:6:      layout_basic, serial_shops, shop, shop, shop, nicolae_shop_waterfront,
          uniq_grinder
D:7:      layout_basic, serial_shops, nicolae_shop_tiny_waterfront
D:8:      layout_basic
D:9:      layout_stronghold, minmay_lair_entry_grove, uniq_grum, uniq_joseph
D:10:     layout_layer_cave, gammafunk_temple_overflow_forgotten,
          lemuel_flamethrower_2
D:11:     layout_irregular_city, serial_shops, nicolae_shop_rolling_square,
          portal_ice_cave_entry_pillars_1, chequers_serial_rivers_room_a,
          uniq_josephine, uniq_harold
Temple:   nicolae_temple_ecumenical_triangle
Lair:1:   gammafunk_cloud_chamber, layout_small_grid
Lair:2:   nzn_winding_woodlands_large [nzn_winding_woodlands_5x5_open_star,
          nzn_winding_woodlands_5x15_parted,
          nzn_winding_woodlands_5x5_checkerboard,
          nzn_winding_woodlands_center_pierced_h,
          nzn_winding_woodlands_15x15_thick_spiral,
          nzn_winding_woodlands_center_garden,
          nzn_winding_woodlands_5x5_perimeter,
          nzn_winding_woodlands_5x15_split_checker,
          nzn_winding_woodlands_5x5_cross], layout_cave_pods,
          hellmonk_spider_entry_not_the_bees, grunt_megastairs_5

Skill      XL: |  1  2  3  4  5  6  7  8  9 10 11 12 |
---------------+-------------------------------------+-----
Spellcasting   | 2 3 4 5 6 7 |  7.6
Armour         | 1 2 3 4 5 6 8 |  8.0
Axes           | 4 5 6 7 8 |  8.9
Conjurations   | 3 |  3.1
Fighting       | 3 4 5 6 7 8 9 10 | 10.0
Necromancy     | 1 2 3 4 |  4.0
Invocations    | 3 6 7 |  7.6
Ice Magic      | 2 4 5 6 |  6.0
Maces & Flails | 3 4 6 |  6.1
Air Magic      | 2 4 5 |  5.6
Summonings     | 4 |  4.0
Dodging        | |  1.4

Action                     |  1- 3 |  4- 6 |  7- 9 | 10-12 || total
---------------------------+-------+-------+-------+-------++-------
  Melee: Hand axe          |    76 |       |       |       ||    76
         Whip              |    15 |    37 |    18 |       ||    70
         War axe           |     2 |    73 |       |       ||    75
         Broad axe         |       |    16 |   150 |    30 ||   196
         Mace              |       |       |    58 |   245 ||   303
         Battleaxe         |       |       |     5 |       ||     5
  Throw: Boomerang         |       |       |    17 |    20 ||    37
   Cast: Kiss of Death     |     1 |     1 |     2 |       ||     4
         Momentum Strike   |       |     2 |    21 |    11 ||    34
         Hailstorm         |       |       |    15 |    19 ||    34
         Ozocubu's Armour  |       |       |     3 |    23 ||    26
         Summon Lightning  |       |       |       |    29 ||    29
 Invoke: Bend Time         |       |       |       |     3 ||     3
         Slouch            |       |       |       |     6 ||     6
  Evoke: Wand              |       |     7 |    16 |    24 ||    47
    Use: Scroll            |       |     3 |    10 |    13 ||    26
         Potion            |       |     3 |     5 |     8 ||    16
   Stab: Invisible         |       |       |     2 |     1 ||     3
         Distracted        |       |       |       |     2 ||     2
 Armour: Leather armour    |    43 |    43 |   166 |   157 ||   409
         Ring mail         |       |    44 |       |       ||    44
         Skin              |       |     4 |    47 |       ||    51
         Plate armour      |       |       |    25 |    28 ||    53
         Scale mail        |       |       |       |   202 ||   202
  Dodge: Dodged            |    58 |    75 |   163 |   367 ||   663

Table legend: (Time is in decaauts)
 A = Elapsed time spent in this place.
 B = Non-inter-level travel time spent in this place.
 C = Inter-level travel time spent in this place.
 D = Time resting spent in this place.
 E = Time spent auto-exploring this place.
 F = Levels seen in this place.
 G = Mean time per level.
                   A        B        C        D        E       F      G
               +--------+--------+--------+--------+--------+-----+--------+
         Total |   8289 |   7327 |    962 |      0 |      0 |  15 |  552.6 |
       Dungeon |   7120 |   6250 |    870 |      0 |      0 |  11 |  647.3 |
        Temple |      1 |      1 |      0 |      0 |      0 |   1 |    1.0 |
          Lair |    941 |    850 |     91 |      0 |      0 |   2 |  470.5 |
      Ice Cave |    226 |    226 |      0 |      0 |      0 |   1 |  226.0 |
               +--------+--------+--------+--------+--------+-----+--------+

Top non-repeatable levels by time:
     D:9: 1544 daAuts
     D:8: 883 daAuts
    D:10: 834 daAuts
  Lair:1: 821 daAuts
     D:7: 702 daAuts
     D:4: 573 daAuts
    D:11: 560 daAuts
     D:6: 452 daAuts
     D:2: 427 daAuts
     D:5: 423 daAuts
     D:3: 405 daAuts
     D:1: 312 daAuts
   IceCv: 226 daAuts
  Lair:2: 119 daAuts
  Temple: 1 daAuts
